cohdb
Replays
Latest Replays
All Replays
Popular Replays
Top Player Replays
Match Explorer
How It Works
Community
CoH3 Stats
Reddit
Sign in to upload your games and track your stats! →
Sign in with Steam
Match 41380075
Unlisted
Match 41380075
Overview
Messages
Build Orders
End
Construct Barracks
Scout Squad
Selects Heavy Weapons
Riflemen Squad
Riflemen Squad
Grenade Package
Riflemen Squad
Selects Assault Carriers
Construct Weapon Support Center
Air Support Center
Construct Medical Station
Selects Exchangeable Parts
M3 Assault Carrier
P-47 Strafing Run
M1918 Browning Automatic Rifles
Bazooka Squad
Grasshopper Recon Run
M3 Assault Carrier
Grasshopper Recon Run
Engineer Squad
Bazooka Squad
Construct Tank Depot
Selects M2HB .50cal Heavy Machine Gun
Bazooka Squad
Improved M9 Bazooka Rockets
M18 Hellcat Tank Destroyer
Grasshopper Recon Run
M4(105) Sherman Bulldozer
Selects M26 Pershing Heavy Tank
Grasshopper Recon Run
.30 cal Machine Gun
Grasshopper Recon Run
P-47 Dive Bomb
M18 Hellcat Tank Destroyer
M18 Hellcat Tank Destroyer
P-47 Strafing Run
Grasshopper Recon Run
M18 Hellcat Tank Destroyer
Engineer Squad
P-47 Strafing Run
Grasshopper Recon Run
Bearly
Khayyam
0
0
Comments
sign in to comment!
No comments posted yet!